 Dungeon Crawl Stone Soup version 0.24.0-37-gcf1ca852f1 (console) character file.

Game seed: 7416093966611289917, levelgen mode: deterministic

3496 Kagalorn the Spear-Bearer (level 10, -8/74 HPs)
             Began as a Merfolk Ice Elementalist on Dec 7, 2019.
             Was a Believer of Okawaru.
             Mangled by a wraith (9 damage)
             ... on level 8 of the Dungeon.
             The game lasted 00:29:56 (8217 turns).

Kagalorn the Spear-Bearer (MfIE)                    Turns: 8217, Time: 00:29:57

Health: -8/74      AC: 12    Str:  8    XL:     10   Next: 7%
Magic:  17/17      EV: 12    Int: 18    God:    Okawaru [**....]
Gold:   262        SH:  0    Dex: 15    Spells: 14/19 levels left

rFire    . . .     SeeInvis .   w - +1 flail (holy)
rCold    + . .     Gourm    .   (no shield)
rNeg     . . .     Faith    .   x - +3 leather armour
rPois    .         Spirit   .   G - +2 helmet
rElec    .         Reflect  .   (no cloak)
rCorr    +         Harm     .   J - +1 pair of gloves
MR       .....                  r - +0 pair of boots
Stlth    ++........             (no amulet)
HPRegen  0.22/turn              p - ring of protection from cold
MPRegen  0.15/turn              i - ring of resist corrosion

@: slowed, drained, very slow
A: change form in water, swift swim, stealthy swim
a: Heroism, Renounce Religion


You were on level 8 of the Dungeon.
You worshipped Okawaru.
Okawaru was pleased with you.
You were not hungry.

You visited 2 branches of the dungeon, and saw 9 of its levels.

You collected 394 gold pieces.
You spent 132 gold pieces at shops.

Inventory:

Hand Weapons
 a - a +3 spear
 b - a +1 dagger of electrocution
 w - a +1 flail of holy wrath (weapon)
 C - a +0 shortbow
Missiles
 e - 73 bolts
 h - 8 atropa-tipped darts
 n - 205 stones
 u - 72 sling bullets
 y - 5 javelins
 B - 44 arrows
 F - 4 throwing nets
 I - 22 poisoned darts (quivered)
Armour
 r - a +0 pair of boots (worn)
 x - a +3 leather armour (worn)
 G - a +2 helmet (worn)
 J - a +1 pair of gloves (worn)
Magical Staves
 v - an uncursed staff of energy
Jewellery
 i - a ring of resist corrosion (right hand)
 p - a ring of protection from cold (left hand)
Wands
 q - a wand of iceblast (8)
 K - a wand of scattershot (3)
Scrolls
 f - 4 scrolls of magic mapping
 g - 5 scrolls of remove curse
 m - 4 scrolls of fog
 o - a scroll of immolation
 s - a scroll of teleportation
 t - 2 scrolls of enchant armour {unknown}
 E - a scroll of acquirement {unknown}
Potions
 d - 4 potions of curing
 j - a potion of mutation
 k - 2 potions of agility
 l - 3 potions of ambrosia
 z - a potion of resistance {unknown}
 A - a potion of flight {unknown}
 D - a potion of brilliance {unknown}
 H - a potion of invisibility
Comestibles
 c - 11 rations


   Skills:
 - Level 5.1(4.3) Fighting
 * Level 10.6(9.6) Polearms
 - Level 2.6(1.9) Dodging
 - Level 2.1(1.4) Stealth
 - Level 5.0(4.2) Spellcasting
   Level 0.7(0.0) Conjurations
 * Level 5.7(4.9) Summonings
 - Level 8.0(7.1) Ice Magic
 * Level 3.0(2.2) Invocations


You had 14 spell levels left.
You knew the following spells:

 Your Spells              Type           Power        Failure   Level  Hunger
a - Freeze                Ice            ####         1%          1    None
c - Summon Ice Beast      Ice/Summ       ####....     17%         4    ####...

Your spell library contained the following spells:

 Spells                   Type           Power        Failure   Level  Hunger
 Summon Small Mammal      Summ           ###.         2%          1    None
 Call Imp                 Summ           ###.....     4%          2    ##.....
 Throw Frost              Conj/Ice       ###...       8%          2    ##.....
 Call Canine Familiar     Summ           ###.....     9%          3    ###....
 Ozocubu's Armour         Chrm/Ice       ###.....     14%         3    ###....
 Summon Guardian Golem    Hex/Summ       ##......     22%         3    ###....
 Throw Icicle             Conj/Ice       ###.....     43%         4    ####...
 Summon Lightning Spire   Summ/Air       ##......     58%         4    ####...


Dungeon Overview and Level Annotations

Branches:
Dungeon (8/15)             Temple (1/1) D:7
   Lair: D:8-11

Altars:
Ashenzari
Cheibriados
Dithmenos
Elyvilon
Gozag
Hepliaklqana
Makhleb
Nemelex Xobeh
Okawaru
Qazlal
Ru
Sif Muna
Trog
Uskayaw
Vehumet
Wu Jian
Xom
Yredelemnul
Zin

Shops:
D:4 ?

Annotations:
D:5 exclusion: 3 doors
D:8 3 runed translucent doors, Bombadil's ghost, novice DENe; scherben's ghost, novice GrFi


Message History

You feel as though you will be slow longer.
The human skeleton moves out of view.
You barely miss the wraith.
The wraith is heavily damaged.
The wraith closely misses you. The wraith hits you but does no damage.
The wraith hits you.
* * * LOW HITPOINT WARNING * * *
The wraith drains your vigour!
You feel as though you will be slow longer.
You closely miss the wraith.
The wraith is heavily damaged.
The wraith hits you.
* * * LOW HITPOINT WARNING * * *
The wraith drains your vigour!
You feel as though you will be slow longer.
The wraith barely misses you.
You sock the wraith!
The wraith convulses.
The wraith is almost destroyed.
The wraith hits you but does no damage. The wraith hits you!
You die...

+.+ ... #.# #.#
+.+ #.# #!###
#.#
+.'.###)#####
###.###.......#
#.'n'.#.#####.#
###W###.#
#@###.# #)#8#.#
#.)...# #######


You could see a wraith and a necrophage.

Vanquished Creatures
  Pikel (D:7)
  2 hippogriffs
  A hungry ghost (D:8)
  Edmund (D:5)
  2 black bears (D:6)
  A slave (D:7)
  2 sky beasts
  An ice beast (D:8)
  2 phantoms
  2 ogres
  A centaur (D:5)
  5 bullfrogs
  3 scorpions
  4 killer bees (D:8)
  5 wights
  3 crimson imps
  2 hounds
  2 jellies
  A gnoll shaman (D:6)
  2 orc priests
  6 orc wizards
  An iguana (D:4)
  3 worker ants
  2 hound skeletons (D:6)
  3 worker ant zombies
  10 gnolls
  7 adders
  An ooze (D:2)
  5 worms
  A dart slug (D:1)
  2 leopard geckos
  14 orcs
  9 bats
  4 giant cockroaches
  5 goblins
  5 hobgoblins
  8 jackals
  3 quokkas
  2 ball pythons
  6 frilled lizards
  4 kobolds
  A leopard gecko skeleton (D:4)
  A quokka skeleton (D:4)
  8 rats
154 creatures vanquished.

Vanquished Creatures (collateral kills)
  A slave (D:7)
1 creature vanquished.

Vanquished Creatures (others)
  An orc (D:7)
  A withered plant (D:8)
2 creatures vanquished.

Grand Total: 157 creatures vanquished

Notes
Turn   | Place    | Note
-------+----------+-------------------------------------------
     0 | D:1      | Kagalorn the Merfolk Ice Elementalist began the quest for
                  | the Orb.
     0 | D:1      | Reached XP level 1. HP: 13/13 MP: 3/3
    96 | D:1      | Reached XP level 2. HP: 15/19 MP: 0/5
   651 | D:2      | Reached XP level 3. HP: 21/25 MP: 4/6
  1324 | D:3      | Reached skill level 1 in Fighting
  1371 | D:3      | Reached XP level 4. HP: 20/32 MP: 8/8
  1403 | D:3      | Found a hazy altar of Hepliaklqana.
  1508 | D:3      | Found a bloodstained altar of Trog.
  2045 | D:4      | Found Pidus's Magic Scroll Shoppe.
  2052 | D:4      | Bought a scroll of remove curse for 36 gold pieces
  2052 | D:4      | Bought a scroll of teleportation for 36 gold pieces
  2052 | D:4      | Bought a scroll of identify for 24 gold pieces
  2052 | D:4      | Bought a scroll of teleportation for 36 gold pieces
  2097 | D:4      | Found a sacrificial altar of Ru.
  2144 | D:4      | Reached XP level 5. HP: 34/37 MP: 5/9
  2247 | D:4      | Reached skill level 5 in Ice Magic
  2420 | D:4      | Noticed a phantom
  2443 | D:4      | Learned a level 4 spell: Summon Ice Beast
  2756 | D:4      | Reached skill level 1 in Polearms
  2942 | D:4      | Reached XP level 6. HP: 44/44 MP: 5/11
  2943 | D:4      | Noticed a phantom
  3340 | D:5      | Entered Level 5 of the Dungeon
  3380 | D:5      | Noticed a sky beast
  3403 | D:5      | Noticed an ice beast
  3467 | D:5      | Killed a sky beast
  3467 | D:5      | Reached skill level 2 in Polearms
  3467 | D:5      | Reached skill level 1 in Summonings
  3669 | D:5      | Reached XP level 7. HP: 26/51 MP: 6/14
  3855 | D:5      | Reached skill level 5 in Spellcasting
  3876 | D:5      | Noticed Edmund
  3886 | D:5      | Killed Edmund
  3886 | D:5      | Reached skill level 3 in Polearms
  4206 | D:5      | Reached skill level 4 in Polearms
  4508 | D:6      | Found a radiant altar of Vehumet.
  4537 | D:6      | Reached XP level 8. HP: 49/60 MP: 8/15
  4631 | D:6      | Reached skill level 5 in Polearms
  4943 | D:6      | Found a shadowy altar of Dithmenos.
  4954 | D:6      | Reached skill level 6 in Polearms
  5118 | D:6      | Reached skill level 5 in Fighting
  5118 | D:6      | Reached skill level 7 in Polearms
  5316 | D:6      | Found an opulent altar of Gozag.
  5349 | D:6      | Found a basalt altar of Yredelemnul.
  5619 | D:7      | Noticed a hippogriff
  5627 | D:7      | Killed a hippogriff
  5627 | D:7      | Reached XP level 9. HP: 34/68 MP: 8/16
  5809 | D:7      | Found a hide-covered altar of Uskayaw.
  5857 | D:7      | Reached skill level 8 in Polearms
  6134 | D:7      | Found a shimmering blue altar of Sif Muna.
  6144 | D:7      | Found a staircase to the Ecumenical Temple.
  6154 | Temple   | Entered the Ecumenical Temple
  6703 | Temple   | Became a worshipper of Warmaster Okawaru
  6722 | D:7      | Noticed Pikel
  6813 | D:7      | Killed Pikel
  7122 | D:7      | Found a burning altar of Makhleb.
  7271 | D:8      | Found a runed translucent gate.
  7271 | D:8      | Found a runed translucent gate.
  7271 | D:8      | Found a runed translucent gate.
  7272 | D:8      | Noticed Bombadil's ghost (novice DENe)
  7273 | D:8      | Noticed scherben's ghost (novice GrFi)
  7312 | D:8      | Reached * piety under Okawaru
  7383 | D:8      | Reached skill level 9 in Polearms
  7383 | D:8      | Reached skill level 5 in Summonings
  7460 | D:8      | Reached skill level 1 in Invocations
  7689 | D:8      | Reached skill level 10 in Polearms
  7697 | D:8      | Reached XP level 10. HP: 55/74 MP: 1/17
  7733 | D:8      | Reached ** piety under Okawaru
  7736 | D:8      | Found an iron altar of Okawaru.
  8215 | D:8      | HP: 2/74 [wraith (4)]
  8217 | D:8      | Mangled by a wraith

Levels and vault maps discovered:
D:1:      minmay_arrival_stone_box, layout_basic, grunt_decor_fettered
D:2:      layout_rooms, minmay_small_reverse_x
D:3:      layout_loops_ring, lemuel_crystal_altar, lemuel_doored_altar,
          minmay_misc_feat_enclosed
D:4:      layout_loops_corners, nicolae_ru_awakened_eye, serial_shops,
          nicolae_shop_crystal
D:5:      layout_gridville, first_ration, uniq_edmund
D:6:      layout_loops_ring, nicolae_gozag_cash_rules_everything_around_me,
          kennysheep_mini, old_standard_altar, grunt_dithmenos_smoke_and_mirrors
D:7:      layout_loops_corners, overflow_temple_1_default,
          overflow_temple_1_default, makhleb_heckhound_becter,
          minmay_temple_entry_gardened_gates, grunt_ogre_cave, uniq_pikel
D:8:      layout_loops_ring, lemuel_mausoleum_altar_kikubaaqudgha, tso_altar,
          kennysheep_little_box, gammafunk_ghost_cemetery,
          okawaru_ov_weapons_minmay
Temple:   jpeg_temple_island

Skill      XL: |  1  2  3  4  5  6  7  8  9 10 |
---------------+-------------------------------+-----
Ice Magic      | 4 5 6 8 |  8.0
Fighting       | 1 2 3 5 |  5.1
Spellcasting   | 3 4 5 |  5.0
Polearms       | 1 2 4 7 10 | 10.6
Summonings     | 1 3 4 5 |  5.7
Invocations    | 2 3 |  3.0
Dodging        | |  2.6
Stealth        | |  2.1
Conjurations   | |  0.7

Action                   |  1- 3 |  4- 6 |  7- 9 | 10-12 || total
-------------------------+-------+-------+-------+-------++-------
Melee: Unarmed           |    18 |       |       |       ||    18
       Spear             |    80 |   100 |   178 |       ||   358
       Dagger            |       |     9 |       |       ||     9
       Flail             |       |       |    65 |    28 ||    93
Throw: Dart              |       |       |     1 |       ||     1
 Cast: Freeze            |    28 |    72 |   182 |     9 ||   291
       Summon Ice Beast  |       |       |     1 |       ||     1
  Use: Scroll            |       |     7 |     1 |     2 ||    10
       Potion            |       |       |       |     1 ||     1
 Stab: Sleeping          |     9 |     4 |     6 |       ||    19
  Eat: Chunk             |     2 |     6 |     7 |       ||    15
       Ration            |       |       |     4 |     1 ||     5
Armor: Robe              |    30 |    27 |       |       ||    57
       Leather armour    |       |    17 |   154 |    22 ||   193
Dodge: Dodged            |    72 |    97 |   227 |    24 ||   420
